 Dungeon Crawl Stone Soup version 0.31-a0-876-gfe8ebadbca (webtiles) character file.

Game seed: 13339383418181087443

21 Max4BY the Slasher (level 2, 0/22 HPs)
             Began as a Demonspawn Gladiator on Oct 13, 2023.
             Slain by an adder (2 damage)
             ... on level 2 of the Dungeon.
             The game lasted 00:04:21 (516 turns).

Max4BY the Slasher (Demonspawn Gladiator)            Turns: 516, Time: 00:04:21

Health: 0/22       AC:  6    Str: 14    XL:     2   Next: 62%
Magic:  2/2        EV: 12    Int:  9    God:
Gold:   50         SH:  0    Dex: 14    Spells: 1/1 levels left

rFire   . . .        a - +0 long sword
rCold   . . .        (no shield)
rNeg    . . .        b - +0 leather armour
rPois   .            c - +0 helmet
rElec   .            (no cloak)
rCorr   .            (no gloves)
SInv    .            (no boots)
Will    .....        (no amulet)
Stlth   +            (no ring)
HPRegen 0.23/turn    (no ring)
MPRegen 0.08/turn

%: no passive effects
@: lethally poisoned (0 -> -2)
A: slimy green scales 1
a: no special abilities


You were on level 2 of the Dungeon.
You visited 1 branch of the dungeon, and saw 2 of its levels.

You collected 50 gold pieces.

Inventory:

Hand Weapons
 a - a +0 long sword (weapon)
Missiles
 d - 3 throwing nets (quivered)
 e - a javelin
Armour
 b - a +0 leather armour (worn)
 c - a +0 helmet (worn)
Scrolls
 i - 3 scrolls of teleportation {unknown}
 j - a scroll of summoning
 m - 3 scrolls of amnesia {unknown}
 n - a scroll of identify
Potions
 f - a potion of mutation {unknown}
 g - a potion of berserk rage
 h - a potion of ambrosia {unknown}
 k - a potion of might {unknown}
 l - a potion of invisibility {unknown}


   Skills:
 + Level 2.1 Fighting
 + Level 3.1 Long Blades
 + Level 2.0 Throwing
 + Level 0.2 Armour
 + Level 2.9 Dodging


You had one spell level left.
You didn't know any spells.
Your spell library contained the following spells:

 Spells                   Type           Power      Damage    Failure   Level
 Sandblast                Erth           0%         2d4       45%         1
 Passwall                 Tmut/Erth      0%         N/A       61%         2
 Poisonous Vapours        Pois/Air       0%         N/A       61%         2
 Mephitic Cloud           Conj/Pois/Air  0%         N/A       83%         3
 Stone Arrow              Conj/Erth      0%         3d7       83%         3
 Brom's Barrelling Bould  Conj/Erth      0%         2d3       99%         4
 Freezing Cloud           Conj/Ice/Air   0%         6-21      100%        5
 Chain Lightning          Conj/Air       0%         N/A       100%        9
 Fire Storm               Conj/Fire      0%         5d1       100%        9
 Shatter                  Erth           0%         3d5*      100%        9


Dungeon Overview and Level Annotations

Branches:
Dungeon (2/15)

Altars:

Annotations:
D:2 Robin


Innate Abilities, Weirdness & Mutations

You are partially covered in slimy green scales. (AC +2)


Message History

The goblin is severely wounded.
The goblin no longer looks unusually strong. x3
The adder bites you.
You are poisoned.
The adder poisons you! The adder bites you but does no damage.
Robin says, "Bow before me, strongest of all the hobgoblins!"
The goblin hits you with a +0 club. The goblin hits you with a +0 dagger.
The orc barely misses you. The goblin hits you but does no damage.
The adder barely misses you. The adder bites you but does no damage.
You hit the orc.
The orc is moderately wounded.
You feel sick. The adder bites you. The adder bites you but does no damage.
The goblin hits you but does no damage. The orc completely misses you.
The goblin hits you with a +0 dagger. The goblin hits you but does no damage.
You slash the orc!
You kill the orc!
You feel sick.
The goblin no longer looks unusually strong.
The adder bites you but does no damage. The adder bites you.
The goblin hits you with a +0 club. The goblin hits you but does no damage.
The goblin barely misses you.
The adder bites you but does no damage. x2
You slash the orc!
You kill the orc!
You feel sick.
The goblin no longer looks unusually strong. x2
The goblin hits you but does no damage. The adder closely misses you.
The goblin closely misses you. The adder barely misses you.
The goblin closely misses you.
Robin roars a battlecry!
The goblins go into a battle-frenzy!
The goblin barely misses you. The adder bites you but does no damage.
The goblin hits you with a +0 club.
* * * LOW HITPOINT WARNING * * *
The goblin hits you but does no damage.
You hear a shout!
You barely miss the goblin.
The goblin is severely wounded.
* * * LOW HITPOINT WARNING * * *
You feel sick. The adder closely misses you. The adder bites you.
You die...

!.g......# ..........
.......... ..gg....#
......... .g....$.#####
......... .!......#...
#....... ....##.##.###
#.#)o. ...!<.......#
#.So#
...##.......###gg##
#..#........gggg@S#
.............gg#gSJ....#
##...#.#######.g##.#.#..
#.#.>.# ##....# #
...##... ###.J. ... ....
.... .. ...... ....
...#### #... ....


You could see Robin, 2 adders, 2 orcs, an endoplasm, a hobgoblin (strong), 8
goblins and a ball python.

Vanquished Creatures
  A dart slug (D:1)
  2 orcs (D:2)
  A giant cockroach (D:1)
  3 goblins (D:1)
  A hobgoblin (D:1)
  2 ball pythons (D:1)
  2 bats (D:1)
  3 frilled lizards (D:1)
  A kobold (D:1)
  A rat (D:1)
17 creatures vanquished.

Notes
Turn   | Place    | Note
-------+----------+-------------------------------------------
     0 | D:1      | Max4BY the Demonspawn Gladiator began the quest for the
                  | Orb.
     0 | D:1      | Reached XP level 1. HP: 16/16 MP: 1/1
    94 | D:1      | Gained mutation: You are partially covered in slimy green
                  | scales. (AC +2) [demonic ancestry]
    94 | D:1      | Reached XP level 2. HP: 22/22 MP: 2/2
   226 | D:1      | Reached skill level 3 in Long Blades
   496 | D:2      | Noticed Robin
   516 | D:2      | Slain by an adder

Illustrated notes

Levels and vault maps discovered:
D:1:      roderic_octagonal_star, layout_rooms, minmay_small_reverse_x
D:2:      layout_rooms, nicolae_twisty_statue_hallways, uniq_robin

Skill      XL: |  1  2 |
---------------+-------+-----
Throwing       | 2 |  2.0
Long Blades    | 3 |  3.1
Fighting       | |  2.1
Armour         | |  0.2
Dodging        | |  2.9

Action                     || total
---------------------------++-------
  Melee: Long sword        ||    43
    Use: Scroll            ||     3
 Armour: Leather armour    ||    45
  Dodge: Dodged            ||    34

Table legend: (Time is in decaauts)
 A = Elapsed time spent in this place.
 B = Non-inter-level travel time spent in this place.
 C = Inter-level travel time spent in this place.
 D = Time resting spent in this place.
 E = Time spent auto-exploring this place.
 F = Levels seen in this place.
 G = Mean time per level.
                   A        B        C        D        E       F      G
               +--------+--------+--------+--------+--------+-----+--------+
         Total |    526 |    147 |    379 |      0 |      0 |   2 |  263.0 |
       Dungeon |    526 |    147 |    379 |      0 |      0 |   2 |  263.0 |
               +--------+--------+--------+--------+--------+-----+--------+

Top non-repeatable levels by time:
     D:1: 503 daAuts
     D:2: 22 daAuts
